AoeStats
← xuxa

Arabia

509762385Analyzed
2v2 RM · 4d ago on Sep 27, 2026· 45m 43s· 4 players
Game mode
Random Map
Map size
Medium (4 player)
Population
200
Speed
Normal
Resources
Standard
Victory
Conquest
Starting age
Dark Age
Ending age
Imperial Age
RankedLock teamsTeams togetherTeam positionsShared explorationLock speedFull tech treeHidden civsTurbo modeCheats
Victory
Defeat
🇧🇷 Saxons · Brazil
1062
+14
🇧🇷 Huns · Brazil
1001
+17
🇦🇷 Aztecs · Argentina
1052
-17
🇦🇷 Lithuanians · Argentina
987
-14
MartinVill
7:14 Loom
9:57 Feudal Age
10:00 Man-at-Arms
11:34 Double-Bit Axe
20:16 Fletching
20:26 Padded Archer Armor
22:34 Castle Age
21:09 Gold Mining
22:35 Crossbowman
23:13 Bodkin Arrow
24:12 Gold Shaft Mining
27:17 Ballistics
35:21 Imperial Age
34:57 Leather Archer Armor
35:25 Arbalester
36:55 Bracer
39:50 Chemistry
AleVi
7:26 Loom
9:21 Feudal Age
10:11 Double-Bit Axe
21:28 Castle Age
20:14 Fletching
20:30 Scale Barding Armor
20:27 Gold Mining
22:15 Husbandry
22:20 Elite Skirmisher
26:57 Bodkin Arrow
31:14 Bloodlines
32:40 Forging
39:02 Chain Barding Armor
44:03 Imperial Age
44:42 Wheelbarrow
xuxa
5:05 Loom
10:10 Feudal Age
11:33 Double-Bit Axe
18:32 Castle Age
17:54 Fletching
20:48 Gold Mining
21:11 Bow Saw
24:13 Bodkin Arrow
25:34 Wheelbarrow
25:33 Town Watch
26:57 Hand Cart
27:08 Padded Archer Armor
27:08 Elite Skirmisher
32:46 Town Patrol
41:27 Imperial Age
40:08 Ballistics
40:00 Masonry
42:18 Heavy Mounted Crossbowman
43:28 Leather Archer Armor
43:35 Cranequins
45:03 Ring Archer Armor
46:03 Conscription
Bollzin
10:46 Feudal Age
10:34 Loom
15:01 Scale Barding Armor
25:09 Castle Age
23:05 Double-Bit Axe
25:13 Forging
26:22 Wheelbarrow
26:07 Husbandry
27:10 Bow Saw
28:03 Bloodlines
34:41 Iron Casting
34:27 Chain Barding Armor
36:12 Hand Cart
39:06 Imperial Age
39:19 Imperial Age
39:21 Masonry
39:44 Cavalier
43:55 Ballistics
44:38 Chemistry
Connection lost

Rejoining the realm…

Still unreachable

The connection could not be restored.

Session expired

The server has moved on; the page needs a fresh start.